% Time on Ice - SACRAMENTO BANDITS
Lines # - Real PCT - Wanted PCT - Time Play
Normal Forward
1 - 33% - 34% - 16:41
2 - 33% - 34% - 17:01
3 - 25% - 22% - 12:55
4 - 9% - 10% - 4:35
Normal Defense
1 - 44% - 43% - 22:36
2 - 36% - 37% - 18:17
3 - 20% - 20% - 10:19
4 - 0% - 0% - 0:00
PP Forward
1 - 61% - 55% - 1:13
2 - 39% - 45% - 0:46
PP Defense
1 - 61% - 57% - 1:13
2 - 39% - 43% - 0:46
PK Forward
1 - 60% - 55% - 2:22
2 - 40% - 45% - 1:36
PK Defense
1 - 59% - 55% - 2:20
2 - 41% - 45% - 1:38
PK3 Forward
1 - 0% - 55%
2 - 0% - 45%
PK3 Defense
1 - 0% - 55%
2 - 0% - 45%
44 Forward
1 - 79% - 55% - 1:34
2 - 21% - 45% - 0:25
44 Defense
1 - 57% - 55% - 1:08
2 - 43% - 45% - 0:51
Last Minute Offensive  - 0:52
Last Minute Defensive  - 0:00
Total
Forward - 60:00
Defense - 60:00
% Time on Ice - SPOKANE KNIGHTS
Lines # - Real PCT - Wanted PCT - Time Play
Normal Forward
1 - 37% - 35% - 18:46
2 - 32% - 32% - 16:11
3 - 27% - 28% - 13:41
4 - 5% - 5% - 2:34
Normal Defense
1 - 33% - 33% - 17:06
2 - 35% - 33% - 18:00
3 - 17% - 17% - 8:34
4 - 15% - 17% - 7:32
PP Forward
1 - 61% - 60% - 2:26
2 - 39% - 40% - 1:32
PP Defense
1 - 69% - 60% - 2:44
2 - 31% - 40% - 1:14
PK Forward
1 - 56% - 55% - 1:07
2 - 44% - 45% - 0:52
PK Defense
1 - 41% - 60% - 0:49
2 - 59% - 40% - 1:10
PK3 Forward
1 - 0% - 60%
2 - 0% - 40%
PK3 Defense
1 - 0% - 60%
2 - 0% - 40%
44 Forward
1 - 64% - 50% - 1:16
2 - 36% - 50% - 0:43
44 Defense
1 - 36% - 60% - 0:43
2 - 64% - 40% - 1:16
Last Minute Offensive  - 0:00
Last Minute Defensive  - 0:52
Total
Forward - 60:00
Defense - 60:00
Play-by-Play 1st period 0:01 of 1st period - Sebastian Aho wins face-off versus Claude Giroux in neutral zone. 0:01 of 1st period - Tomas Hertl is hit by Jonathan Huberdeau and loses puck. 0:08 of 1st period - Shot by Jonathan Huberdeau. 0:08 of 1st period - Shot Blocked by Kristopher Letang. 0:10 of 1st period - Shot by Jonathan Huberdeau. 0:10 of 1st period - Stopped by Braden Holtby without a rebound. 0:11 of 1st period - Aleksander Barkov wins face-off versus Mikael Backlund in SPOKANE KNIGHTS zone. 0:17 of 1st period - Icing by Patrick Kane. 0:18 of 1st period - Mikael Backlund wins face-off versus Jordan Martinook in SPOKANE KNIGHTS zone. 0:43 of 1st period - Anton Stralman is hit by Jujhar Khaira and loses puck. 1:15 of 1st period - Zdeno Chara is hit by Scott Laughton and loses puck. 2:33 of 1st period - Aleksander Barkov is hit by Brooks Orpik and loses puck. 3:50 of 1st period - Icing by Kristopher Letang. 3:51 of 1st period - Phillip Danault wins face-off versus Jordan Martinook in SPOKANE KNIGHTS zone. 5:00 of 1st period - Shot by Patrick Kane. 5:00 of 1st period - Stopped by Andrei Vasilevskiy without a rebound. 5:01 of 1st period - Sebastian Aho wins face-off versus Jonathan Huberdeau in SACRAMENTO BANDITS zone. 5:18 of 1st period - Tomas Hertl is hit by Jakub Voracek and loses puck. 6:12 of 1st period - Blake Wheeler is hit by Jordan Martinook and loses puck. 7:17 of 1st period - Shot by Phillip Danault. 7:17 of 1st period - Stopped by Andrei Vasilevskiy without a rebound. 7:18 of 1st period - Aleksander Barkov wins face-off versus Mikael Backlund in SACRAMENTO BANDITS zone. 7:33 of 1st period - Shot by Jamie Benn. 7:33 of 1st period - Shot Misses the Net. 7:48 of 1st period - Icing by Aleksander Barkov. 7:49 of 1st period - Phillip Danault wins face-off versus Aleksander Barkov in SACRAMENTO BANDITS zone. 8:09 of 1st period - Off-side. 8:10 of 1st period - Claude Giroux wins face-off versus Mikael Backlund in neutral zone. 8:42 of 1st period - Jonathan Huberdeau is hit by Victor Hedman and loses puck. 8:51 of 1st period - Shot by Matthew Tkachuk. 8:51 of 1st period - Goal by Matthew Tkachuk - SACRAMENTO BANDITS : 0 - SPOKANE KNIGHTS : 1. 8:52 of 1st period - Phillip Danault wins face-off versus Jordan Martinook in neutral zone. 9:19 of 1st period - Shot by Phillip Danault. 9:19 of 1st period - Shot Misses the Net. 9:31 of 1st period - Shot by Vincent Trocheck. 9:31 of 1st period - Goal by Vincent Trocheck - SACRAMENTO BANDITS : 0 - SPOKANE KNIGHTS : 2. 9:32 of 1st period - Sebastian Aho wins face-off versus Claude Giroux in neutral zone. 10:10 of 1st period - Claude Giroux is hit by Brooks Orpik and loses puck. 10:52 of 1st period - Shot by Patrick Kane. 10:52 of 1st period - Shot Misses the Net. 10:54 of 1st period - Shot by Victor Hedman. 10:54 of 1st period - Shot Misses the Net. 10:56 of 1st period - Shot by Matthew Tkachuk. 10:56 of 1st period - Goal by Matthew Tkachuk - SACRAMENTO BANDITS : 0 - SPOKANE KNIGHTS : 3. 10:57 of 1st period - Phillip Danault wins face-off versus Aleksander Barkov in neutral zone. 11:13 of 1st period - Tyler Johnson is hit by John Carlson and loses puck. 11:17 of 1st period - Icing by Aleksander Barkov. 11:18 of 1st period - Aleksander Barkov wins face-off versus Mikael Backlund in SACRAMENTO BANDITS zone. 11:25 of 1st period - Shot by Aleksander Barkov. 11:25 of 1st period - Deflect By Jamie Benn. 11:25 of 1st period - Stopped by Braden Holtby without a rebound. 11:26 of 1st period - Jordan Martinook wins face-off versus Tyler Johnson in SPOKANE KNIGHTS zone. 11:41 of 1st period - Shot by Jordan Martinook. 11:41 of 1st period - Stopped by Braden Holtby without a rebound. 11:42 of 1st period - Scott Laughton wins face-off versus Sebastian Aho in SPOKANE KNIGHTS zone. 11:45 of 1st period - Shot by Scott Laughton. 11:45 of 1st period - Stopped by Braden Holtby without a rebound. 11:46 of 1st period - Aleksander Barkov wins face-off versus Phillip Danault in SPOKANE KNIGHTS zone. 11:46 of 1st period - John Carlson is hit by Brooks Orpik and loses puck. 11:55 of 1st period - Shot by Aleksander Barkov. 11:55 of 1st period - Shot Misses the Net. 11:57 of 1st period - Shot by Aleksander Barkov. 11:57 of 1st period - Stopped by Braden Holtby without a rebound. 11:58 of 1st period - Sebastian Aho wins face-off versus Claude Giroux in SPOKANE KNIGHTS zone. 12:19 of 1st period - Shot by Jonathan Huberdeau. 12:19 of 1st period - Shot Misses the Net. 12:22 of 1st period - Icing by Blake Wheeler. 12:23 of 1st period - Sebastian Aho wins face-off versus Drake Caggiula in SPOKANE KNIGHTS zone. 13:37 of 1st period - Shot by Vincent Trocheck. 13:37 of 1st period - Shot Misses the Net. 13:39 of 1st period - Shot by Kristopher Letang. 13:39 of 1st period - Stopped by Andrei Vasilevskiy without a rebound. 13:40 of 1st period - Mikael Backlund wins face-off versus Claude Giroux in SACRAMENTO BANDITS zone. 13:41 of 1st period - Shot by Matthew Tkachuk. 13:41 of 1st period - Shot Misses the Net. 14:07 of 1st period - Shot by Patrick Kane. 14:07 of 1st period - Shot Blocked by Vince Dunn. 14:17 of 1st period - Shot by Jakub Voracek. 14:17 of 1st period - Shot Misses the Net. 14:19 of 1st period - Shot by Kevin Connauton. 14:19 of 1st period - Stopped by Braden Holtby with a rebound. 14:21 of 1st period - Shot by Vince Dunn. 14:21 of 1st period - Stopped by Braden Holtby without a rebound. 14:22 of 1st period - Aleksander Barkov wins face-off versus Tyler Johnson in SPOKANE KNIGHTS zone. 14:23 of 1st period - Shot by Scott Laughton. 14:23 of 1st period - Stopped by Braden Holtby without a rebound. 14:24 of 1st period - Aleksander Barkov wins face-off versus Phillip Danault in SPOKANE KNIGHTS zone. 14:25 of 1st period - Shot by Jamie Benn. 14:25 of 1st period - Shot Misses the Net. 14:27 of 1st period - Shot by Aleksander Barkov. 14:27 of 1st period - Goal by Aleksander Barkov - SACRAMENTO BANDITS : 1 - SPOKANE KNIGHTS : 3. 14:28 of 1st period - Aleksander Barkov wins face-off versus Phillip Danault in neutral zone. 14:52 of 1st period - Shot by Aleksander Barkov. 14:52 of 1st period - Shot Misses the Net. 15:10 of 1st period - Shot by Aleksander Barkov. 15:10 of 1st period - Shot Blocked by Kristopher Letang. 15:50 of 1st period - Shot by Claude Giroux. 15:50 of 1st period - Stopped by Braden Holtby without a rebound. 15:51 of 1st period - Sebastian Aho wins face-off versus Jordan Martinook in SPOKANE KNIGHTS zone. 17:07 of 1st period - Shot by Matthew Tkachuk. 17:07 of 1st period - Stopped by Andrei Vasilevskiy without a rebound. 17:08 of 1st period - Phillip Danault wins face-off versus Aleksander Barkov in SACRAMENTO BANDITS zone. 17:15 of 1st period - Shot by Tyler Johnson. 17:15 of 1st period - Shot Misses the Net. 17:18 of 1st period - Icing by Ivan Provorov. 17:19 of 1st period - Mikael Backlund wins face-off versus Aleksander Barkov in SACRAMENTO BANDITS zone. 17:24 of 1st period - Icing by Jamie Benn. 17:25 of 1st period - Aleksander Barkov wins face-off versus Phillip Danault in SACRAMENTO BANDITS zone. 17:30 of 1st period - Vincent Trocheck is hit by Scott Laughton. 17:31 of 1st period - Icing by Vincent Trocheck. 17:32 of 1st period - Phillip Danault wins face-off versus Jamie Benn in SPOKANE KNIGHTS zone. 18:09 of 1st period - Shot by Aleksander Barkov. 18:09 of 1st period - Stopped by Braden Holtby without a rebound. 18:10 of 1st period - Claude Giroux wins face-off versus Mikael Backlund in SPOKANE KNIGHTS zone. 18:21 of 1st period - Shot by Jonathan Huberdeau. 18:21 of 1st period - Stopped by Braden Holtby without a rebound. 18:22 of 1st period - Sebastian Aho wins face-off versus Jordan Martinook in SPOKANE KNIGHTS zone. 18:22 of 1st period - Sebastian Aho is hit by Jordan Martinook. 18:34 of 1st period - Shot by Blake Wheeler. 18:34 of 1st period - Stopped by Andrei Vasilevskiy with a rebound. 19:13 of 1st period - Icing by Zdeno Chara. 19:14 of 1st period - Aleksander Barkov wins face-off versus Sebastian Aho in SPOKANE KNIGHTS zone. 19:40 of 1st period - Shot by Aleksander Barkov. 19:40 of 1st period - Shot Blocked by Zdeno Chara. 19:42 of 1st period - Shot by Jamie Benn. 19:42 of 1st period - Stopped by Braden Holtby without a rebound. 19:43 of 1st period - Mikael Backlund wins face-off versus Jonathan Huberdeau in SPOKANE KNIGHTS zone. 19:56 of 1st period - Shot by Mikael Backlund. 19:56 of 1st period - Shot Misses the Net. 19:58 of 1st period - Shot by Mikael Backlund. 19:58 of 1st period - Stopped by Andrei Vasilevskiy without a rebound. 19:59 of 1st period - Scott Laughton wins face-off versus Tyler Johnson in SACRAMENTO BANDITS zone. Goals for this period are 1 for SACRAMENTO BANDITS vs 3 for SPOKANE KNIGHTS. Shots for this period are 13 for SACRAMENTO BANDITS vs 9 for SPOKANE KNIGHTS. 2nd period 0:01 of 2nd period - Phillip Danault wins face-off versus Antoine Roussel in neutral zone. 0:24 of 2nd period - Ivan Provorov is hit by Vincent Trocheck and loses puck. 1:23 of 2nd period - Icing by Mikael Backlund. 1:24 of 2nd period - Mikael Backlund wins face-off versus Jordan Martinook in SPOKANE KNIGHTS zone. 1:44 of 2nd period - Shot by Mikael Backlund. 1:44 of 2nd period - Stopped by Andrei Vasilevskiy without a rebound. 1:45 of 2nd period - Claude Giroux wins face-off versus Sebastian Aho in SACRAMENTO BANDITS zone. 1:49 of 2nd period - Icing by Claude Giroux. 1:50 of 2nd period - Sebastian Aho wins face-off versus Claude Giroux in SACRAMENTO BANDITS zone. 3:22 of 2nd period - Aleksander Barkov is hit by Matthew Tkachuk and loses puck. 3:37 of 2nd period - Shot by Jamie Benn. 3:37 of 2nd period - Shot Misses the Net. 3:59 of 2nd period - Shot by Clayton Keller. 3:59 of 2nd period - Shot Misses the Net. 4:15 of 2nd period - Icing by Victor Hedman. 4:16 of 2nd period - Jakub Voracek wins face-off versus Mikael Backlund in SPOKANE KNIGHTS zone. 4:21 of 2nd period - Shot by Jonathan Huberdeau. 4:21 of 2nd period - Stopped by Braden Holtby without a rebound. 4:22 of 2nd period - Vincent Trocheck wins face-off versus Claude Giroux in SPOKANE KNIGHTS zone. 4:31 of 2nd period - Jonathan Huberdeau is hit by Tyler Johnson and loses puck. 4:48 of 2nd period - Shot by Jonathan Huberdeau. 4:48 of 2nd period - Deflect By Claude Giroux. 4:48 of 2nd period - Stopped by Braden Holtby without a rebound. 4:49 of 2nd period - Sebastian Aho wins face-off versus Aleksander Barkov in SPOKANE KNIGHTS zone. 5:19 of 2nd period - Tomas Hertl is hit by Jamie Benn and loses puck. 5:53 of 2nd period - Icing by Mattias Ekholm. 5:54 of 2nd period - Claude Giroux wins face-off versus Phillip Danault in SACRAMENTO BANDITS zone. 5:54 of 2nd period - Jonathan Huberdeau is hit by Vincent Trocheck and loses puck. 6:11 of 2nd period - Jonathan Huberdeau is hit by Phillip Danault and loses puck. 6:21 of 2nd period - Shot by Jonathan Huberdeau. 6:21 of 2nd period - Stopped by Braden Holtby with a rebound. 6:24 of 2nd period - Icing by Phillip Danault. 6:25 of 2nd period - Phillip Danault wins face-off versus Jordan Martinook in SPOKANE KNIGHTS zone. 6:48 of 2nd period - Icing by Kevin Connauton. 6:49 of 2nd period - Mikael Backlund